[Event "January 9 Late 2024"]
[Site "https://www.chess.com"]
[Date "2024.01.09"]
[Round "11"]
[White "Anton Guijarro, David"]
[Black "Mekhitarian, Krikor Sevag"]
[Result "1-0"]
[Board "26"]
[TimeControl "180+1"]
[WhiteFideId "2285525"]
[BlackFideId "2107660"]
[WhiteElo "2969"]
[BlackElo "2755"]
[WhiteTeam "ESP"]
[BlackTeam "BRA"]
[WhiteClock "0:00:23"]
[BlackClock "0:00:00"]

1. Nf3 d5 2. c4 d4 3. b4 c5 4. Bb2 a6 5. e3 dxe3 6. fxe3 cxb4 7. d4 Nf6 8. Bd3 g6 9. O-O Bh6 10. e4 O-O 11. Qe2 Nh5 12. g3 Bg4 13. a3 Bg7 14. Qe3 Nc6 15. Nbd2 bxa3 16. Rxa3 Rc8 17. Rb3 Na5 18. Rb4 Qc7 19. d5 Bxb2 20. Rxb2 Qc5 21. Qxc5 Rxc5 22. Ne5 Bh3 23. Ra1 Nf6 24. Rba2 b6 25. Rb2 Rb8 26. Kf2 Nd7 27. Nxd7 Bxd7 28. Ke3 e5 29. Rab1 b5 30. Ra1 Nb7 31. Rxa6 bxc4 32. Nxc4 1-0

[Event "January 9 Late 2024"]
[Site "https://www.chess.com"]
[Date "2024.01.09"]
[Round "11"]
[White "Smirnov, Anton"]
[Black "Timmermans, Mark"]
[Result "1-0"]
[Board "27"]
[TimeControl "180+1"]
[WhiteFideId "3208923"]
[BlackFideId "1026399"]
[WhiteElo "2915"]
[BlackElo "2749"]
[WhiteTeam "AUS"]
[BlackTeam "NED"]
[WhiteClock "0:02:09"]
[BlackClock "0:01:55"]

1. e4 e5 2. Nf3 Nc6 3. Bb5 f5 4. d3 fxe4 5. dxe4 Nf6 6. O-O d6 7. Qe2 Be7 8. Qc4 Bd7 9. Ng5 Rf8 10. Nc3 h6 11. Ne6 Bxe6 12. Qxe6 Qd7 13. Qxd7+ Kxd7 14. f3 a6 15. Bc4 Nd4 16. Bd3 b5 17. Ne2 Nxe2+ 18. Bxe2 Nh7 19. a4 b4 20. Be3 Bg5 21. Bf2 Nf6 22. a5 c5 23. Rfd1 Kc7 24. Bc4 Nd7 25. Rd3 Rad8 26. Bxa6 Ra8 27. Bc4 Ra7 28. Rad1 Be7 29. a6 Nb8 30. c3 Nxa6 31. Bxa6 Rxa6 32. Bxc5 bxc3 33. bxc3 Rfa8 34. Bb4 Ra1 35. Bxd6+ Bxd6 36. Rxd6 Rxd1+ 37. Rxd1 Ra2 38. Rd5 1-0

[Event "January 9 Late 2024"]
[Site "https://www.chess.com"]
[Date "2024.01.09"]
[Round "11"]
[White "Leitao, Rafael"]
[Black "Hess, Robert"]
[Result "0-1"]
[Board "28"]
[TimeControl "180+1"]
[WhiteFideId "2101246"]
[BlackFideId "2022036"]
[WhiteElo "2744"]
[BlackElo "2901"]
[WhiteTeam "BRA"]
[BlackTeam "USA"]
[WhiteClock "0:00:01"]
[BlackClock "0:00:03"]

1. c4 d6 2. g3 c6 3. d4 Qc7 4. Bg2 e5 5. Nf3 Nf6 6. Nc3 Nbd7 7. O-O Be7 8. e4 O-O 9. Re1 Re8 10. h3 exd4 11. Nxd4 Bf8 12. Qc2 a5 13. b3 Nc5 14. Bf4 g6 15. Rad1 Nh5 16. Be3 Bg7 17. Kh2 Qe7 18. f4 Bd7 19. Bf2 Rad8 20. Bf3 Bc8 21. Bg2 Qc7 22. a3 Nf6 23. b4 axb4 24. axb4 Na6 25. Rb1 Bd7 26. Nf3 h5 27. e5 Bf5 28. Qb3 dxe5 29. fxe5 Nd7 30. Rbd1 Nxe5 31. Nd4 Bc8 32. Kh1 Nd7 33. Ne4 Nf6 34. Ng5 Rxe1+ 35. Rxe1 Nh7 36. Ne4 Bxd4 37. Bxd4 Rxd4 38. Qc3 Qd8 39. c5 Be6 40. Nd6 Rxd6 41. cxd6 Qxd6 42. b5 cxb5 43. Bxb7 Nc5 44. Bg2 Nd7 45. Qf3 b4 46. Rd1 Qe7 47. Qb7 Nhf8 48. Rb1 Qd6 49. Qxb4 Qxg3 0-1

[Event "January 9 Late 2024"]
[Site "https://www.chess.com"]
[Date "2024.01.09"]
[Round "11"]
[White "Schnaider, Ilan"]
[Black "Tari, Aryan"]
[Result "0-1"]
[Board "29"]
[TimeControl "180+1"]
[WhiteFideId "169013"]
[BlackFideId "1510045"]
[WhiteElo "2733"]
[BlackElo "2898"]
[WhiteTeam "ARG"]
[BlackTeam "NOR"]
[WhiteClock "0:00:01"]
[BlackClock "0:01:27"]

1. e4 a6 2. d4 e6 3. Nd2 d5 4. Ngf3 c5 5. exd5 exd5 6. Bd3 c4 7. Be2 Bd6 8. O-O Nc6 9. b3 b5 10. bxc4 bxc4 11. c3 Nge7 12. Re1 O-O 13. Nf1 Nf5 14. Ng3 Nxg3 15. hxg3 Bf5 16. Bf4 h6 17. Qd2 Rb8 18. Ne5 Nxe5 19. dxe5 Ba3 20. e6 fxe6 21. Bxb8 Qxb8 22. Bf3 Bc5 23. g4 Bd3 24. Kh1 Qd6 25. g5 Rf4 26. Kg1 Rh4 27. g3 Qxg3+ 28. Bg2 Qh2# 0-1

[Event "January 9 Late 2024"]
[Site "https://www.chess.com"]
[Date "2024.01.09"]
[Round "11"]
[White "Christiansen, Johan-Sebastian"]
[Black "Khatoev, Eduard"]
[Result "0-1"]
[Board "30"]
[TimeControl "180+1"]
[WhiteFideId "1512668"]
[BlackFideId "24145076"]
[WhiteElo "2896"]
[BlackElo "2732"]
[WhiteTeam "NOR"]
[BlackTeam "RUS"]
[WhiteClock "0:00:00"]
[BlackClock "0:00:49"]

1. e4 c6 2. d4 d5 3. Nd2 dxe4 4. Nxe4 Bf5 5. Ng3 Bg6 6. h4 h6 7. Nh3 Nf6 8. Nf4 Bh7 9. Bc4 e6 10. O-O Bd6 11. Re1 Nd5 12. Nxe6 fxe6 13. Rxe6+ Kf7 14. Qg4 Bxg3 15. fxg3 h5 16. Qxh5+ Kxe6 17. Bg5 Qa5 18. c3 Kd7 19. Rf1 Kc8 20. Rf7 Nf6 21. Be6+ Nbd7 22. Rxd7 Nxd7 23. Bxd7+ Kxd7 24. Qf7+ Kc8 25. Qe6+ Kc7 26. Bf4+ Kb6 27. b4 Qd5 28. Qe7 Qxa2 29. Qc5+ Ka6 30. c4 Qa4 31. b5+ cxb5 32. cxb5+ Qxb5 33. Qa3+ Qa5 34. Qd6+ b6 35. Kh2 Be4 36. Qe7 Rhe8 37. Qf7 Bxg2 38. Qc4+ b5 39. Qf7 Re2 40. h5 Bd5+ 41. Kh3 Bxf7 0-1

[Event "January 9 Late 2024"]
[Site "https://www.chess.com"]
[Date "2024.01.10"]
[Round "11"]
[White "Stremavicius, Titas"]
[Black "Rohan, Ahuja"]
[Result "0-1"]
[Board "31"]
[TimeControl "180+1"]
[WhiteFideId "12804444"]
[BlackFideId "5090598"]
[WhiteElo "2834"]
[BlackElo "2727"]
[WhiteTeam "LTU"]
[BlackTeam "IND"]
[WhiteClock "0:00:16"]
[BlackClock "0:00:24"]

1. Nf3 Nf6 2. d4 g6 3. Nbd2 d5 4. e3 Bg7 5. b4 O-O 6. c4 b6 7. c5 a5 8. cxb6 axb4 9. bxc7 Qxc7 10. Bb2 Bf5 11. Be2 Nbd7 12. O-O Nb6 13. Nb3 Na4 14. Bc1 Nc3 15. Qe1 Nxa2 16. Bd2 Nc3 17. Rc1 Nfe4 18. Nc5 Nxc5 19. Bxc3 Nb3 20. Bxb4 Nxc1 21. Qxc1 Qxc1 22. Rxc1 Rfc8 23. Bc5 Bg4 24. h3 Bxf3 25. Bxf3 e6 26. Rf1 Bf8 27. Bxf8 Kxf8 28. h4 h6 29. g3 Ra2 30. Kg2 Rcc2 31. g4 g5 32. hxg5 hxg5 33. Kg3 Kg7 34. Kg2 Kf6 35. Kg3 Ke7 36. Kg2 Kd6 37. Kg3 f5 38. gxf5 exf5 39. Bh5 Ke6 40. Bf3 Rd2 41. Bg2 Ra3 42. Kh2 Rb3 43. Bh3 Rxe3 0-1

[Event "January 9 Late 2024"]
[Site "https://www.chess.com"]
[Date "2024.01.09"]
[Round "11"]
[White "Yurovskykh, Oleksandr"]
[Black "Lobanov, Sergei"]
[Result "1-0"]
[Board "32"]
[TimeControl "180+1"]
[WhiteFideId "14134020"]
[BlackFideId "24183750"]
[WhiteElo "2650"]
[BlackElo "2831"]
[WhiteTeam "UKR"]
[BlackTeam "FID"]
[WhiteClock "0:00:24"]
[BlackClock "0:00:31"]

1. d4 Nf6 2. Nf3 d5 3. c3 Bf5 4. Qb3 Qc8 5. Bf4 e6 6. e3 h6 7. Nbd2 Nbd7 8. Be2 Bd6 9. O-O Bxf4 10. exf4 O-O 11. Rfe1 c5 12. dxc5 Nxc5 13. Qa3 Nd3 14. Bxd3 Bxd3 15. Ne5 Bh7 16. Rac1 Nd7 17. Nxd7 Qxd7 18. Nf3 Rfd8 19. Nd4 a6 20. Re5 Rac8 21. Rce1 Be4 22. f3 Bg6 23. g4 Bd3 24. R1e3 Bb1 25. Re1 Bh7 26. f5 Kh8 27. fxe6 fxe6 28. Rxe6 Rf8 29. Re7 Qd8 30. Rxb7 Qh4 31. Qe7 Qxe7 32. Rexe7 Rg8 33. Kf2 Bb1 34. a3 a5 35. Ne6 Rge8 36. Rxe8+ Rxe8 37. Nxg7 Re5 38. Nf5 Bxf5 39. gxf5 Rxf5 40. Rb5 Rh5 41. Kg3 Rg5+ 42. Kf4 a4 43. h4 Rg2 44. Rb4 Kg7 45. Ke5 Rd2 46. Rxa4 Rxb2 47. Kxd5 Rb3 48. Kc4 Rb2 49. Rb4 Rh2 50. Kb5 Rf2 51. Rf4 Rb2+ 52. Kc4 Kg6 53. a4 Kh5 54. a5 Ra2 55. Kb4 Rb2+ 56. Kc5 Ra2 57. Kb5 Rb2+ 58. Rb4 Rf2 59. f4 Kxh4 60. a6 Ra2 61. Ra4 Rb2+ 62. Kc6 Rb8 63. a7 Ra8 64. Kb7 1-0

[Event "January 9 Late 2024"]
[Site "https://www.chess.com"]
[Date "2024.01.10"]
[Round "11"]
[White "Korchmar, Vasiliy"]
[Black "Otero Marino, Alain"]
[Result "0-1"]
[Board "33"]
[TimeControl "180+1"]
[WhiteFideId "24131750"]
[BlackFideId "3524876"]
[WhiteElo "2762"]
[BlackElo "2599"]
[WhiteTeam "RUS"]
[BlackTeam "CUB"]
[WhiteClock "0:00:00"]
[BlackClock "0:00:32"]

1. e4 e6 2. d4 d5 3. e5 c5 4. c3 Nc6 5. Nf3 Bd7 6. Be2 Nge7 7. Na3 cxd4 8. cxd4 Nf5 9. Nc2 Nb4 10. Ne3 Nxe3 11. Bxe3 Rc8 12. O-O Nc2 13. Bg5 Be7 14. Bxe7 Kxe7 15. Rc1 Nb4 16. Rxc8 Bxc8 17. Qd2 Nc6 18. Qg5+ Kf8 19. Qf4 h6 20. Rc1 g5 21. Qe3 Bd7 22. Bb5 Ne7 23. Bd3 Nc6 24. h4 g4 25. Nd2 Qxh4 26. Bb5 Kg7 27. Bxc6 Bxc6 28. Nf1 Qg5 29. Qxg5+ hxg5 30. Ne3 Rc8 31. Nxg4 Bd7 32. Rxc8 Bxc8 33. Nf6 Kg6 34. g4 b6 35. f3 Bb7 36. Kf2 Bc6 37. Ke3 a5 38. Ng8 Bd7 39. Nf6 Bc6 40. Nh5 Bd7 41. f4 Ba4 42. Kf3 Bd1+ 43. Kg3 Ba4 44. Nf6 Bc6 45. Ng8 Bd7 46. Ne7+ Kg7 47. f5 Kf8 48. f6 Ke8 49. Kf3 Kd8 50. Ke3 Kc7 51. Ng8 b5 52. Nh6 Be8 53. Kd3 Kb6 54. Ng8 Kc7 55. Kc3 Kb6 56. Nh6 b4+ 57. Kb3 Kb5 58. a4+ Kb6 59. Ng8 Kc7 60. Nh6 Kd8 61. Ka2 Kc7 62. b3 Kd8 63. Kb2 Kd7 64. Kc2 Kd8 65. Kd2 Kd7 66. Ke3 Kd8 67. Kf3 Kd7 68. Nf5 exf5 69. gxf5 Kd8 70. e6 Kc7 71. Kg4 Kd6 72. e7 Kc7 73. Kxg5 Bxa4 74. bxa4 Kd7 75. Kf4 b3 0-1

[Event "January 9 Late 2024"]
[Site "https://www.chess.com"]
[Date "2024.01.09"]
[Round "11"]
[White "Dilmukhametov, Artur"]
[Black "Chirilov, James A"]
[Result "1-0"]
[Board "34"]
[TimeControl "180+1"]
[WhiteFideId "24179922"]
[BlackFideId "30976677"]
[WhiteElo "2364"]
[BlackElo "2756"]
[WhiteTeam "RUS"]
[BlackTeam "USA"]
[WhiteClock "0:00:35"]
[BlackClock "0:00:10"]

1. e4 c5 2. Nf3 d6 3. Bb5+ Nd7 4. O-O Nf6 5. e5 dxe5 6. Nxe5 Qc7 7. d4 e6 8. Nc3 a6 9. Bxd7+ Bxd7 10. Nxd7 Nxd7 11. d5 e5 12. Re1 Bd6 13. Ne4 O-O-O 14. c4 h6 15. b4 cxb4 16. Be3 Nc5 17. Nxd6+ Qxd6 18. Bxc5 Qxc5 19. Qg4+ Kb8 20. Rxe5 Rc8 21. Rc1 Rhe8 22. Qxg7 f5 23. h3 f4 24. Rce1 Rg8 25. Qxh6 f3 26. g4 Qxc4 27. R5e4 Qxd5 28. Qf4+ Ka8 29. Qxf3 Qxa2 30. Rxb4 Qd2 31. Qxb7# 1-0

[Event "January 9 Late 2024"]
[Site "https://www.chess.com"]
[Date "2024.01.09"]
[Round "11"]
[White "Novikov, Evgenij"]
[Black "Chan, Yi Ren Daniel"]
[Result "0-1"]
[Board "35"]
[TimeControl "180+1"]
[WhiteFideId "4125380"]
[BlackFideId "5801583"]
[WhiteElo "2519"]
[BlackElo "2839"]
[WhiteTeam "RUS"]
[BlackTeam "SGP"]
[WhiteClock "0:00:04"]
[BlackClock "0:00:40"]

1. d4 d5 2. Bf4 c5 3. e3 Nc6 4. c3 Qb6 5. Qb3 c4 6. Qc2 Nf6 7. Nd2 g6 8. b3 Bf5 9. Qb2 Nh5 10. Ne2 Bg7 11. h3 Bd3 12. g4 Bxe2 13. gxh5 Bxh5 14. Bg2 e6 15. Qa3 Bf8 16. Qa4 cxb3 17. axb3 a6 18. e4 Bg7 19. exd5 exd5 20. Bxd5 O-O 21. O-O Rfe8 22. Qc4 Re7 23. Ne4 Rd8 24. Ng5 Be2 25. Bxf7+ Kh8 26. Qa4 Bxf1 27. Rxf1 Rf8 28. Qc4 Na5 29. Qd5 h6 30. Ne6 Rexf7 31. Nxg7 Kxg7 32. Be5+ Kh7 33. b4 Nc6 34. f4 Nxe5 35. Qxe5 Qc6 36. d5 Qf6 37. Qe3 Re7 38. Qd3 Rfe8 39. Rf3 Re1+ 40. Kg2 R8e2+ 41. Kg3 Rg1# 0-1

[Event "January 9 Late 2024"]
[Site "https://www.chess.com"]
[Date "2024.01.09"]
[Round "11"]
[White "Rustemov, Alexander"]
[Black "Zhu, Jiner"]
[Result "1/2-1/2"]
[Board "36"]
[TimeControl "180+1"]
[WhiteFideId "4119002"]
[BlackFideId "8608059"]
[WhiteElo "2803"]
[BlackElo "2617"]
[WhiteTeam "RUS"]
[BlackTeam "CHN"]
[WhiteClock "0:00:36"]
[BlackClock "0:00:06"]

1. d4 Nf6 2. c4 g6 3. Nf3 Bg7 4. g3 O-O 5. Bg2 d6 6. Nc3 Nc6 7. O-O Bf5 8. d5 Na5 9. Nd2 c5 10. e4 Bd7 11. Qc2 a6 12. b3 b5 13. Bb2 Rb8 14. h3 e5 15. Ne2 bxc4 16. bxc4 Bh6 17. Bc3 Nh5 18. Rab1 Qc7 19. Kh2 f5 20. exf5 gxf5 21. f4 e4 22. Ba1 Bg7 23. Bxg7 Nxg7 24. Qc3 Nb7 25. Rb2 Nd8 26. Rfb1 Nf7 27. Nf1 h5 28. h4 Nh6 29. Bh3 Ng4+ 30. Bxg4 hxg4 31. Ne3 Nh5 32. Kg2 Kh7 33. Kf2 Kg6 34. Nc1 Rfc8 35. Nb3 Rb4 36. a3 Rb6 37. Nd2 Rbb8 38. Ndf1 Ba4 39. Ke2 Bd7 40. Kd2 Ba4 41. Rxb8 Rxb8 42. Rb2 Rb6 43. Kc1 Qb8 44. Rxb6 Qxb6 45. Qh8 Qb3 46. Qb2 Qxb2+ 47. Kxb2 Kf6 48. Kc3 Kg6 49. Kd2 Kf6 50. Ke1 Kg6 51. Kf2 Kf6 52. Nd2 Ng7 53. Nb1 Nh5 54. Nc3 Bb3 55. Nf1 Kg6 56. Ne3 Kf6 57. Ne2 Kg6 58. Nc1 Ba4 59. Na2 Kf6 60. Nc3 Bb3 1/2-1/2

[Event "January 9 Late 2024"]
[Site "https://www.chess.com"]
[Date "2024.01.09"]
[Round "11"]
[White "Baltag, Iulian"]
[Black "Ivanisevic, Ivan"]
[Result "0-1"]
[Board "37"]
[TimeControl "180+1"]
[WhiteFideId "13901419"]
[BlackFideId "912417"]
[WhiteElo "2611"]
[BlackElo "2770"]
[WhiteTeam "MDA"]
[BlackTeam "SRB"]
[WhiteClock "0:00:16"]
[BlackClock "0:00:36"]

1. e4 e5 2. Nf3 Nc6 3. Bb5 f5 4. d3 Nf6 5. O-O fxe4 6. dxe4 Bc5 7. Qd3 Nd4 8. Nxd4 Bxd4 9. c3 Bb6 10. Bg5 O-O 11. Nd2 d6 12. Nc4 h6 13. Bh4 Be6 14. Nxb6 axb6 15. Bc4 Qe8 16. a3 Kh8 17. f3 Nh5 18. Bxe6 Qxe6 19. Rad1 Qg6 20. Qc4 Rf7 21. Kh1 Raf8 22. a4 Qh7 23. Bg3 g5 24. b4 Qg6 25. a5 bxa5 26. bxa5 Nf6 27. Qb5 g4 28. Qxb7 Nxe4 29. a6 gxf3 30. Rxf3 Rxf3 31. gxf3 Nxg3+ 32. hxg3 Qxg3 33. a7 Rg8 34. a8=Q Qg2# 0-1

[Event "January 9 Late 2024"]
[Site "https://www.chess.com"]
[Date "2024.01.09"]
[Round "11"]
[White "Sowa, Ryan"]
[Black "Zubritskiy, Artyom"]
[Result "1/2-1/2"]
[Board "38"]
[TimeControl "180+1"]
[WhiteFideId "30901693"]
[BlackFideId "4181247"]
[WhiteElo "2608"]
[BlackElo "2765"]
[WhiteTeam "USA"]
[BlackTeam "FID"]
[WhiteClock "0:00:37"]
[BlackClock "0:00:01"]

1. Nf3 f5 2. b3 d6 3. d4 Nf6 4. Bb2 g6 5. g3 Bg7 6. Bg2 O-O 7. O-O Qe8 8. d5 a5 9. c4 Na6 10. Nc3 Nc5 11. Nb5 Na6 12. Nfd4 Bd7 13. Ne6 Bxe6 14. dxe6 c6 15. Nc3 Nc5 16. Qc2 Nxe6 17. e3 Nd7 18. Na4 Qf7 19. Rac1 Bxb2 20. Qxb2 Nec5 21. Qc2 Nxa4 22. bxa4 Nc5 23. Rb1 Qf6 24. Rfd1 Rad8 25. Qd2 Ra8 26. Qc2 e5 27. Rd2 f4 28. exf4 exf4 29. Rbd1 Rad8 30. Re1 Rfe8 31. Rdd1 Kf8 32. Qd2 Rxe1+ 33. Rxe1 Re8 34. Rd1 Nxa4 35. Qxa5 Nc5 36. Qd2 f3 37. Bf1 Rd8 38. Qe3 Rd7 39. h4 Re7 40. Qd2 Ne4 41. Qh6+ Kg8 42. Rd3 Nc5 43. Rd1 Re4 44. Qd2 Kf7 45. Kh2 Ke7 46. Qh6 Qf7 47. Qg5+ Kd7 48. Qd2 Qe7 49. Qc3 Qe5 50. Qxf3 Ke7 51. Bg2 Rxh4+ 52. Kg1 Rxc4 53. Bf1 Re4 54. Qh1 Re1 55. Qxh7+ Kd8 56. Rxe1 Qxe1 57. Qxg6 Kc7 58. Kg2 d5 59. Qc2 Ne4 60. Bd3 Nd6 61. g4 Qe5 62. Qe2 Qf4 63. Qf3 Qg5 64. Kg3 Qd2 65. Qe3 Qxe3+ 66. fxe3 c5 67. g5 c4 68. Bc2 Kd7 69. g6 Ke6 70. Kf4 Kf6 71. a4 b5 72. axb5 Nxb5 73. Kf3 Na3 74. Ba4 Kxg6 75. Bc6 c3 76. Bxd5 c2 77. Be4+ 1/2-1/2

[Event "January 9 Late 2024"]
[Site "https://www.chess.com"]
[Date "2024.01.09"]
[Round "11"]
[White "Goltsev, Dmitry"]
[Black "Mendez Fortes, Eduardo Jesus"]
[Result "0-1"]
[Board "39"]
[TimeControl "180+1"]
[WhiteFideId "24176710"]
[BlackFideId "3502376"]
[WhiteElo "2755"]
[BlackElo "2578"]
[WhiteTeam "RUS"]
[BlackTeam "CUB"]
[WhiteClock "0:00:04"]
[BlackClock "0:00:47"]

1. e4 c5 2. Nf3 d6 3. d4 cxd4 4. Nxd4 Nf6 5. Nc3 a6 6. Be2 e5 7. Nb3 Be7 8. O-O O-O 9. Be3 Be6 10. Nd5 Nbd7 11. f4 Bxd5 12. exd5 exf4 13. Bxf4 Qb6+ 14. Kh1 Rac8 15. c4 Ne4 16. Qe1 Rce8 17. Bd3 Nec5 18. Bc2 Bg5 19. Qg3 Bxf4 20. Rxf4 Nxb3 21. Bxh7+ Kxh7 22. Rh4+ Kg8 23. Qh3 f6 24. Rh8+ Kf7 25. Qh5+ Ke7 26. Rxf8 Rxf8 27. axb3 Ne5 28. Qf5 Kd8 29. Rc1 Qe3 30. Rf1 Re8 31. h3 Re7 32. Qh7 Kc7 33. b4 Qd3 34. Rf5 Nxc4 35. Qh5 Qg3 36. Rf1 Re1 37. Qf5 Ne3 38. Rxe1 Qxe1+ 39. Kh2 Nxf5 40. h4 Qg3+ 41. Kg1 Ne3 42. Kh1 Qxg2# 0-1

[Event "January 9 Late 2024"]
[Site "https://www.chess.com"]
[Date "2024.01.09"]
[Round "11"]
[White "Yurasov, Matfey"]
[Black "Weetik, Vjacheslav"]
[Result "1/2-1/2"]
[Board "40"]
[TimeControl "180+1"]
[WhiteFideId "55617603"]
[BlackFideId "4153472"]
[WhiteElo "2577"]
[BlackElo "2725"]
[WhiteTeam "FID"]
[BlackTeam "RUS"]
[WhiteClock "0:00:03"]
[BlackClock "0:00:04"]

1. e4 c5 2. Nf3 d6 3. Bb5+ Nc6 4. d4 cxd4 5. Nxd4 Bd7 6. O-O Nf6 7. Re1 g6 8. c4 Bg7 9. Nc3 O-O 10. h3 Nxd4 11. Qxd4 Be6 12. Qd3 Rc8 13. b3 a6 14. Ba4 b5 15. cxb5 Rxc3 16. Qxc3 Nxe4 17. Qe3 Bxa1 18. Qxe4 axb5 19. Bxb5 Qa5 20. a4 Bg7 21. Bg5 Bxb3 22. Qxe7 Bxa4 23. Bxa4 Qxa4 24. Qxd6 Qa5 25. Bd2 Qa2 26. Bb4 h5 27. g3 Rc8 28. Qd3 Bf6 29. Qf3 Kg7 30. Rd1 Qc4 31. Bd2 Rd8 32. Be3 Rxd1+ 33. Qxd1 Qe6 34. Qf1 h4 35. g4 Qe4 36. Qe2 Kg8 37. Qd2 Qf3 38. Qd6 Kg7 39. g5 Ba1 40. Bd4+ Bxd4 41. Qxd4+ Kg8 42. Qxh4 Qd1+ 43. Kg2 Qd5+ 44. f3 Qd2+ 45. Kg1 Qd1+ 46. Kf2 Qd2+ 47. Kg3 Qe1+ 48. Kg4 Qg1+ 49. Qg3 Qd4+ 50. Qf4 Qg1+ 51. Kh4 Qe1+ 52. Qg3 Qe3 53. f4 Qe4 54. Qg4 Qe1+ 55. Qg3 Qe4 56. Qg4 Qe1+ 57. Qg3 Qd1 58. Qf2 Qh5+ 59. Kg3 Qd1 60. Kh2 Qd3 61. h4 Qf5 62. Kg3 Qd3+ 63. Qf3 Qb1 64. h5 Qg1+ 65. Kh3 gxh5 66. Qxh5 Qh1+ 67. Kg4 Qg2+ 68. Kf5 Qc2+ 69. Kg4 Qe2+ 70. Kh4 Qh2+ 71. Kg4 Qe2+ 72. Kh4 Qh2+ 73. Kg4 Qg2+ 74. Kh4 Qf2+ 75. Kg4 Qg2+ 1/2-1/2

[Event "January 9 Late 2024"]
[Site "https://www.chess.com"]
[Date "2024.01.09"]
[Round "11"]
[White "Serban, Cristian-Stefan"]
[Black "Akobian, Varuzhan"]
[Result "1-0"]
[Board "41"]
[TimeControl "180+1"]
[WhiteFideId "1241443"]
[BlackFideId "13300580"]
[WhiteElo "2564"]
[BlackElo "2721"]
[WhiteTeam "ROU"]
[BlackTeam "USA"]
[WhiteClock "0:00:10"]
[BlackClock "0:00:00"]

1. d4 Nf6 2. c3 b6 3. Nf3 Bb7 4. g3 g6 5. Bg2 Bg7 6. O-O O-O 7. Nbd2 c5 8. Re1 cxd4 9. cxd4 d6 10. e4 Nc6 11. d5 Nb4 12. Nb3 Rc8 13. Nbd4 Ng4 14. a3 Na6 15. b4 Ne5 16. Nxe5 dxe5 17. Nb5 Ra8 18. Bb2 Nc7 19. Nxc7 Qxc7 20. Rc1 Qd7 21. Qd3 Rfc8 22. Bf1 Rxc1 23. Rxc1 Rc8 24. Rxc8+ Bxc8 25. Qb5 Qxb5 26. Bxb5 f6 27. a4 Bf8 28. Bc4 Kf7 29. a5 e6 30. axb6 axb6 31. Bc3 exd5 32. exd5 Bd6 33. Bd2 Bd7 34. Be3 b5 35. Bb3 Bxb4 36. Bb6 Ke7 37. Bc7 Bc5 38. Kf1 f5 39. f3 e4 40. fxe4 fxe4 41. Bc2 e3 42. Bf4 Bg4 43. Bd3 b4 44. Bc4 Kf6 45. Ke1 Ke7 46. Kf1 h5 47. Ke1 Kd7 48. Bb5+ Kc8 49. Ba6+ Kd8 50. Bb5 Ke7 51. Bc4 Bf5 52. Ke2 Bc2 53. Bxe3 Bxe3 54. Kxe3 Kd6 55. Kd4 Ba4 56. Bd3 g5 57. Bg6 h4 58. gxh4 gxh4 59. Kc4 b3 60. Be4 Ke5 61. Bh7 b2 62. Kc3 Kxd5 63. Kxb2 Kd4 64. Kc1 Ke3 65. Bf5 Kf3 66. Kd2 Kg2 67. h3 Kf2 68. Bg4 Bb5 69. Bf5 Bf1 70. Be6 1-0

[Event "January 9 Late 2024"]
[Site "https://www.chess.com"]
[Date "2024.01.09"]
[Round "11"]
[White "Kosteniuk, Alexandra"]
[Black "Sadovsky, Artem"]
[Result "1-0"]
[Board "42"]
[TimeControl "180+1"]
[WhiteFideId "4128125"]
[BlackFideId "4155840"]
[WhiteElo "2719"]
[BlackElo "2561"]
[WhiteTeam "SUI"]
[BlackTeam "FID"]
[WhiteClock "0:00:15"]
[BlackClock "0:00:00"]

1. e4 g6 2. d4 Bg7 3. Nf3 c6 4. c4 d5 5. e5 Nh6 6. Nc3 Nf5 7. cxd5 cxd5 8. g4 Nh6 9. h3 f6 10. Bf4 O-O 11. Qd2 Nf7 12. Bg2 Nc6 13. exf6 exf6 14. O-O f5 15. g5 Nd6 16. Bxd6 Qxd6 17. Rfe1 Be6 18. Ne5 Rae8 19. f4 Nxe5 20. dxe5 Qb6+ 21. Qf2 d4 22. Nd5 Bxd5 23. Bxd5+ Kh8 24. Rad1 Rd8 25. Bc4 Rfe8 26. Rd3 Qc5 27. Bb3 Bf8 28. Red1 Qc6 29. Kh2 Bc5 30. Kg3 Qe4 31. Qf3 b6 32. h4 h5 33. Bf7 Kg7 34. Bxe8 Rxe8 35. Qf2 a5 36. a3 a4 37. Qc2 Re7 38. Rf1 Rc7 39. Rff3 Qe1+ 40. Qf2 Qe4 41. Qd2 b5 42. Rf2 Bb6 43. Re2 Qh1 44. e6 Rc1 45. e7 Rg1+ 46. Rg2 Rxg2+ 47. Qxg2 Qe1+ 48. Kh3 Qxe7 49. Qc6 Qe4 50. Qd7+ Kf8 51. Qd6+ Kg7 52. Qf6+ Kh7 53. Qf7+ Kh8 54. Qf8+ Kh7 55. Qh6+ Kg8 56. Qxg6+ Kf8 57. Qf6+ Ke8 58. Qe5+ Kd7 59. Qxe4 fxe4 60. Rd1 Ke6 61. Kg2 Kf5 62. Kf2 d3+ 63. Ke1 Kxf4 64. g6 Bd4 65. Rd2 Kf5 66. Rg2 Bg7 67. Rg5+ Kf4 68. Kd2 Kf3 69. Rf5+ Kg4 70. Rf7 Bh6+ 71. Ke1 e3 72. g7 1-0

[Event "January 9 Late 2024"]
[Site "https://www.chess.com"]
[Date "2024.01.09"]
[Round "11"]
[White "Adewumi, Tanitoluwa"]
[Black "Aliakbarov, Anar"]
[Result "0-1"]
[Board "43"]
[TimeControl "180+1"]
[WhiteFideId "30966396"]
[BlackFideId "13401858"]
[WhiteElo "2717"]
[BlackElo "2557"]
[WhiteTeam "USA"]
[BlackTeam "TUR"]
[WhiteClock "0:00:03"]
[BlackClock "0:00:06"]

1. e4 e5 2. Nf3 Nc6 3. Bc4 Bc5 4. O-O Nf6 5. d3 d6 6. c3 a6 7. a4 h6 8. Re1 Ba7 9. Nbd2 O-O 10. h3 Re8 11. b4 Be6 12. Bxe6 Rxe6 13. Qc2 Ne7 14. Nb3 Ng6 15. Be3 Bxe3 16. Rxe3 Nf4 17. Rd1 N6h5 18. d4 Rg6 19. g3 Qd7 20. Kf1 Qxh3+ 21. Ke1 Ng2+ 22. Ke2 Nxe3 23. Kxe3 exd4+ 24. cxd4 Re8 25. Nbd2 Nf6 26. Re1 Nd5+ 27. Ke2 Nxb4 28. Qxc7 Qc8 29. Qxc8 Rxc8 30. Rb1 a5 31. Nb3 b6 32. Nbd2 d5 33. exd5 Nxd5 34. Kd3 Rc3+ 35. Ke2 Re6+ 36. Kf1 Nb4 37. Ne5 Rc2 38. Ndf3 f6 39. Ng4 Nd3 40. d5 Rd6 41. Nd4 Rc4 42. Nf5 Rd7 43. Nge3 Rc1+ 44. Rxc1 Nxc1 45. Nc4 g6 46. Nxb6 Rb7 47. d6 Kf7 48. d7 Rxd7 49. Nxh6+ Ke8 50. Nxd7 Kxd7 51. Ng4 Ke6 52. Ne3 Nd3 53. Ke2 Nc5 54. Nc4 Nxa4 55. Nxa5 Nc3+ 56. Kf3 Nd5 57. Nc4 g5 58. Kg4 Ne7 59. Nd2 Ke5 60. Nc4+ Ke4 61. Ne3 Nc6 62. Nf1 Ne5+ 63. Kh5 Kf3 64. Nh2+ Kxf2 65. Ng4+ Nxg4 66. Kxg4 Kg2 67. Kf5 Kxg3 68. Kxf6 g4 0-1

[Event "January 9 Late 2024"]
[Site "https://www.chess.com"]
[Date "2024.01.09"]
[Round "11"]
[White "Tan, Ralph"]
[Black "Rozman, Levy"]
[Result "0-1"]
[Board "44"]
[TimeControl "180+1"]
[WhiteFideId "30966590"]
[BlackFideId "2039877"]
[WhiteElo "2556"]
[BlackElo "2707"]
[WhiteTeam "USA"]
[BlackTeam "USA"]
[WhiteClock "0:00:00"]
[BlackClock "0:00:13"]

1. Nf3 g6 2. g3 Bg7 3. d4 d6 4. Bg2 Nc6 5. O-O Bd7 6. c4 Qc8 7. Nc3 Bh3 8. d5 Ne5 9. Nxe5 Bxe5 10. e4 h5 11. f4 Bg7 12. Be3 h4 13. f5 hxg3 14. hxg3 Be5 15. Qf3 Nf6 16. Ne2 Bg4 17. Qf2 gxf5 18. exf5 Qd7 19. Bd4 Bxe2 20. Bxe5 Bxf1 21. Bxf6 exf6 22. Re1+ Kf8 23. Rxf1 Re8 24. c5 dxc5 25. Qxc5+ Qe7 26. Qxe7+ Kxe7 27. Rc1 Kd6 28. Kf2 Re5 29. g4 a5 30. Rc3 Ra8 31. Rb3 Ra7 32. Kg3 a4 33. Rc3 Ra6 34. Bf3 Rb6 35. b3 a3 36. Rc4 Re1 37. Ra4 Ra6 38. Rb4 Ra1 39. Rxb7 Rxa2 40. Rb8 Rb2 41. Rd8+ Ke7 0-1

[Event "January 9 Late 2024"]
[Site "https://www.chess.com"]
[Date "2024.01.09"]
[Round "11"]
[White "Niekras, Dawid"]
[Black "Hajiyev, Kanan"]
[Result "0-1"]
[Board "45"]
[TimeControl "180+1"]
[WhiteFideId "1160451"]
[BlackFideId "13404148"]
[WhiteElo "2699"]
[BlackElo "2552"]
[WhiteTeam "POL"]
[BlackTeam "AZE"]
[WhiteClock "0:00:00"]
[BlackClock "0:00:56"]

1. e4 c6 2. Nf3 d5 3. d3 Bg4 4. h3 Bh5 5. g4 Bg6 6. Qe2 e6 7. Nc3 Bb4 8. Bd2 Nf6 9. Ne5 dxe4 10. dxe4 Bxc3 11. Bxc3 Bxe4 12. Rd1 Qc7 13. g5 Bxh1 14. gxf6 gxf6 15. Ng4 Nd7 16. Rxd7 Kxd7 17. Nxf6+ Kc8 18. Be5 Qa5+ 19. c3 Qxa2 20. f4 Rd8 21. Kf2 b5 22. Kg1 Bd5 23. Qf2 Kb7 24. Qc5 Qxb2 25. Qe7+ Kb6 26. Bd4+ Ka5 27. Qc7+ Ka4 28. Nd7 Rxd7 29. Qxd7 Rg8+ 0-1